 Dungeon Crawl Stone Soup version 0.31-a0-1529-g7bd419a0e5 (webtiles) character file.

Game seed: 8818643655458745775

46 voltaire321 the Digger (level 3, 0/20 HPs)
             Began as a Gargoyle Earth Elementalist on Dec 31, 2023.
             Slain by an orc
             ... wielding a +0 whip
              (5 damage)
             ... on level 3 of the Dungeon.
             The game lasted 00:02:45 (1431 turns).

voltaire321 the Digger (GrEE)                       Turns: 1431, Time: 00:02:46

Health: 0/20       AC:  5    Str: 13    XL:     3   Next: 68%
Magic:  7/15       EV: 12    Int: 15    God:
Gold:   67         SH:  0    Dex: 10    Spells: 5/6 levels left

rFire   . . .        i - +0 short sword
rCold   . . .        (no shield)
rNeg    + . .        a - +0 robe
rPois   ∞            (no helmet)
rElec   +            (no cloak)
rCorr   .            (no gloves)
SInv    .            (no boots)
Will    .....        (no amulet)
Stlth   ++           h - ring of magical power
HPRegen 0.23/turn    (no ring)
MPRegen 0.14/turn

%: no passive effects
@: no status effects
A: sickness immunity, AC +3, negative energy resistance 1, electricity
resistance, torment resistance 1, petrification resistance
a: no special abilities


You were on level 3 of the Dungeon.
You visited 1 branch of the dungeon, and saw 3 of its levels.

You collected 67 gold pieces.

Inventory:

Hand Weapons
 i - a +0 short sword (weapon)
Armour
 a - a +0 robe (worn)
Jewellery
 h - a ring of magical power (left hand)
Wands
 n - a wand of charming (10)
Scrolls
 c - 3 scrolls of immolation {unknown}
 e - 2 scrolls of revelation {unknown}
 f - 2 scrolls of identify {unknown}
 j - a scroll of acquirement {unknown}
 l - a scroll of enchant weapon {unknown}
 o - 2 scrolls of blinking {unknown}
Potions
 b - a potion of magic
 d - 2 potions of attraction {unknown}
 g - a potion of curing {unknown}
 k - a potion of ambrosia {unknown}
 m - a potion of lignification {unknown}


   Skills:
 + Level 1.3 Fighting
 + Level 1.2 Armour
 + Level 2.0 Dodging
 - Level 2.1 Stealth
 + Level 2.3 Spellcasting
 + Level 4.0 Earth Magic
 - Level 1.0 Alchemy


You had 5 spell levels left.
You knew the following spells:

 Your Spells              Type           Power      Damage    Failure   Level
a - Sandblast             Erth           26%        2d8       4%          1

Your spell library contained the following spells:

 Spells                   Type           Power      Damage    Failure   Level
 Passwall                 Erth           13%        N/A       12%         3
 Stone Arrow              Conj/Erth      14%        3d7       28%         3
 Petrify                  Alch/Erth      9%         N/A       58%         4
 Brom's Barrelling Bould  Conj/Erth      7%         2d3       67%         4


Dungeon Overview and Level Annotations

Branches:
Dungeon (3/15)

Altars:


Innate Abilities, Weirdness & Mutations

You are immune to sickness and miasma.
Your stone body is resilient. (AC +3)
You are immune to poison.
You resist negative energy. (rN+)
You are resistant to electric shocks. (rElec)
You are resistant to unholy torment.
You are immune to petrification.


Message History

Aiming: Sandblast (safe; 4% risk of failure)
Press: ? - help, Q - select action, (/) - cycle Shift-Dir - straight line, f - gnoll
Aim: a gnoll, wielding a +0 club (84% to hit)
The blast of sand misses the gnoll.
The blast of sand hits the orc.
The orc is severely wounded.
The gnoll hits you but does no damage.
Aiming: Sandblast (safe; 4% risk of failure)
Press: ? - help, Q - select action, (/) - cycle Shift-Dir - straight line, f/p - gnoll
Aim: a gnoll, wielding a +0 club (84% to hit)
The blast of sand hits the gnoll.
The gnoll is lightly wounded.
The gnoll hits you with a +0 club. The gnoll misses you.
Aiming: Sandblast (safe; 4% risk of failure)
Press: ? - help, Q - select action, (/) - cycle Shift-Dir - straight line, f/p - gnoll
Aim: a gnoll, wielding a +0 club (lightly wounded, 84% to hit)
The blast of sand misses the gnoll.
The blast of sand hits the orc but does no damage.
The orc is severely wounded.
The gnoll hits you with a +0 club.
Aiming: Sandblast (safe; 4% risk of failure)
Press: ? - help, Q - select action, (/) - cycle Shift-Dir - straight line, f/p - gnoll
Aim: a gnoll, wielding a +0 club (lightly wounded, 84% to hit)
The blast of sand hits the gnoll!
The gnoll is severely wounded.
The gnoll closely misses you. The gnoll barely misses you.
The gnoll attacks as it pursues you! The gnoll hits you with a +0 club.
Aiming: Sandblast (safe; 4% risk of failure)
Press: ? - help, Q - select action, (/) - cycle Shift-Dir - straight line, f/p - gnoll
Aim: a gnoll, wielding a +0 club (severely wounded, 84% to hit)
The blast of sand hits the gnoll.
The gnoll is severely wounded.
The gnoll hits you with a +0 club.
* * * LOW HITPOINT WARNING * * *
Aiming: Sandblast (safe; 4% risk of failure)
Press: ? - help, Q - select action, (/) - cycle Shift-Dir - straight line, f/p - gnoll
Aim: a gnoll, wielding a +0 club (severely wounded, 84% to hit)
The blast of sand hits the gnoll.
You kill the gnoll!
The orc hits you with a +0 whip.
You die...

##. .. #.# .. #.#
#.# #.# ######.#
#. #..g.†g# #.
###o##.# #. #@##.#
#. #.##.#####.# #.
#.##g......# #.
#.##g####### #.
#.##.############.
#....g.o.gg...g...
####.#############
#.# #.#


You could see a gnoll and an orc.

Vanquished Creatures
  An adder (D:2)
  2 gnolls (D:3)
  3 orcs (D:3)
  3 endoplasms
  3 giant cockroaches
  3 goblins
  A hobgoblin (D:1)
  A quokka (D:1)
  2 ball pythons
  A bat (D:1)
  2 frilled lizards (D:3)
  2 kobolds
24 creatures vanquished.

Notes
Turn   | Place    | Note
-------+----------+-------------------------------------------
     0 | D:1      | voltaire321 the Gargoyle Earth Elementalist began the quest
                  | for the Orb.
     0 | D:1      | Reached XP level 1. HP: 10/10 MP: 3/3
   203 | D:1      | Reached XP level 2. HP: 16/16 MP: 3/5
   628 | D:1      | Reached skill level 1 in Alchemy
  1074 | D:2      | Reached skill level 1 in Fighting
  1108 | D:2      | You fall into a shaft and drop 1 floor!
  1229 | D:3      | Reached XP level 3. HP: 20/20 MP: 6/6
  1356 | D:3      | Reached skill level 1 in Armour
  1396 | D:3      | Reached skill level 4 in Earth Magic
  1431 | D:3      | Slain by an orc

Illustrated notes

Levels and vault maps discovered:
D:1:      lightli_arrival_lavapool, layout_basic, dreamdust_princess_bridge
D:2:      layout_basic, basic_altar, minivault_23
D:3:      layout_basic

Skill      XL: |  1  2  3 |
---------------+----------+-----
Alchemy        | 1 |  1.0
Fighting       | 1 |  1.3
Armour         | 1 |  1.2
Dodging        | 2 |  2.0
Earth Magic    | 4 |  4.0
Stealth        | |  2.1
Spellcasting   | |  2.3

Action                     || total
---------------------------++-------
  Melee: Short sword       ||     9
   Cast: Sandblast         ||    38
 Armour: Robe              ||    25
  Dodge: Dodged            ||    29

Table legend: (Time is in decaauts)
 A = Elapsed time spent in this place.
 B = Non-inter-level travel time spent in this place.
 C = Inter-level travel time spent in this place.
 D = Time resting spent in this place.
 E = Time spent auto-exploring this place.
 F = Levels seen in this place.
 G = Mean time per level.
                   A        B        C        D        E       F      G
               +--------+--------+--------+--------+--------+-----+--------+
         Total |   1448 |   1354 |     94 |    105 |    998 |   3 |  482.7 |
       Dungeon |   1448 |   1354 |     94 |    105 |    998 |   3 |  482.7 |
               +--------+--------+--------+--------+--------+-----+--------+

Top non-repeatable levels by time:
     D:1: 980 daAuts
     D:3: 333 daAuts
     D:2: 134 daAuts
